 Dungeon Crawl Stone Soup version 0.17-a0-913-g36eb389 (webtiles) character file.

245 Zwobot the Ruffian (level 5, 0/45 HPs)
             Began as a Centaur Chaos Knight on May 3, 2015.
             Succumbed to a kobold's poison
             ... on level 3 of the Dungeon.
             The game lasted 00:08:33 (2571 turns).

Zwobot the Ruffian (Centaur Chaos Knight)           Turns: 2571, Time: 00:08:33

Health: 0/45       AC:  9    Str: 12    XL:     5   Next: 84%
Magic:  5/5        EV: 14    Int: 11    God:    Xom [*.....]
Gold:   134        SH:  0    Dex: 15    Spells: 0 memorised, 4 levels left

rFire  + . .     SeeInvis .       - Unarmed
rCold  + . .     Clarity  .     a - +2 leather armour
rNeg   . . .     SustAb   .     (no shield)
rPois  +         Gourm    .     (no helmet)
rElec  +         Spirit   .     o - +2 cloak
rCorr  +         Warding  .     (no gloves)
rMut   .         Stasis   .     (no barding)
MR     .....                    (no amulet)
Stlth  ++........               (no ring)
                                (no ring)

@: confused, agile, lethally poisoned (0 -> -32), resistant, flying, very quick,
not resistant to hostile enchantments, unstealthy
A: hooves 3, deformed body, speed 2, tough skin 3, weak 1
a: Renounce Religion


You were on level 3 of the Dungeon.
You worshipped Xom.
You were a special plaything of Xom.
You were not hungry.

You visited 1 branch of the dungeon, and saw 3 of its levels.

You collected 134 gold pieces.

Inventory:

Hand weapons
 c - a +0 hunting sling
 t - a +0 spear
Missiles
 e - 10 poisoned needles
 i - 75 stones (quivered)
 p - 42 sling bullets
Armour
 a - a +2 leather armour (worn)
 g - a +0 chain mail
 k - a +0 plate armour
 n - a +0 shield
 o - a +2 cloak (worn)
Jewellery
 j - an uncursed ring of teleportation
Magical devices
 h - a wand of random effects (31)
 q - a wand of magic darts (26)
Scrolls
 r - a scroll of amnesia {unknown}
Potions
 d - a potion of resistance
 m - a potion of agility
Comestibles
 b - 2 bread rations
 l - 2 meat rations
 v - a chunk of flesh


   Skills:
 - Level 3.0 Fighting
 - Level 1.3 Armour
 - Level 0.6 Dodging
 + Level 6.6 Unarmed Combat


You had 4 spell levels left.
You didn't know any spells.

Dungeon Overview and Level Annotations

Branches:
Dungeon (3/15)

Altars:
Ru


Innate Abilities, Weirdness & Mutations

You have hooves in place of feet.
Armour fits poorly on your strangely shaped body.
You cover ground very quickly.
You have extremely tough skin (AC +3).
You are weak. (Str -2)


Message History

* * * LOW HITPOINT WARNING * * *
x2 You feel very sick.
Unknown command.
Drink which item? (? for menu, Esc to quit)
Okay, then.
Press: ? - help, v - describe, . - travel, g - get item 2 poisoned needles.
The floor.
There is a cloud of noxious fumes here.
Drink which item? (? for menu, Esc to quit)
It was a potion of flight.
You feel very buoyant.
You fly up into the air.
You are engulfed in noxious fumes.
* * * LOW HITPOINT WARNING * * *
x2 You feel sick.
The kobold shoots a poisoned needle.
The poisoned needle barely misses you.
Drink which item? (? for menu, Esc to quit)
You feel protected.
You die...
Xom snickers!

..# #o# .<. #.## # #.#
#§# #'# #.# #.#.# #§#
#.# #.#
#.#.###.#######.#
######.#
#......oo.......##
#......#
###.####.#####...##
#.###### ##.## #§#
#..(..# #.#
##.#.###.#####§K.#####.#
#.###.##.##§§@§§...)...#
##.#.......§###§########
##.####.#### #.# ###
#.######.# #........#
##########


You could see a kobold.

Vanquished Creatures
  A swamp drake (D:3)
  An ogre (D:2)
  A giant frog zombie (D:3)
  Ijyb (D:3)
  Terence (D:3)
  2 adders (D:2)
  6 bats
  2 giant cockroaches
  8 goblins
  2 hobgoblins
  4 kobolds
  A quokka (D:2)
  5 giant newts (D:2)
  6 rats
41 creatures vanquished.

Vanquished Creatures (collateral kills)
  An adder (D:2)
1 creature vanquished.

Vanquished Creatures (others)
  A crimson imp (D:2)
  A quasit (D:2)
  An iron imp (D:2)
3 creatures vanquished.

Grand Total: 45 creatures vanquished

Notes
Turn   | Place    | Note
--------------------------------------------------------------
     0 | D:1      | Zwobot, the Centaur Chaos Knight, began the quest for the Orb.
     0 | D:1      | Reached XP level 1. HP: 19/19 MP: 1/1
    17 | D:1      | XOM: harmless Pois miscast
   223 | D:1      | Reached XP level 2. HP: 24/26 MP: 2/2
   295 | D:1      | XOM: silly message
   529 | D:1      | XOM: harmless Air miscast
   549 | D:1      | XOM: silly message
   568 | D:1      | XOM: harmless Conj miscast
   751 | D:2      | Reached skill level 4 in Unarmed Combat
  1167 | D:2      | XOM: confuse monster(s)
  1221 | D:2      | XOM: confuse monster(s)
  1226 | D:2      | Reached XP level 3. HP: 26/31 MP: 3/3
  1347 | D:2      | XOM: cast spell 'Beastly Appendage'
  1597 | D:2      | XOM: god gift: 33 gold pieces
  1685 | D:2      | XOM is BORED!
  1685 | D:2      | Noticed an ogre
  1685 | D:2      | a worm changed into an ogre
  1685 | D:2      | XOM: polymorph worm -> ogre
  1724 | D:2      | XOM: fog
  1730 | D:2      | XOM: summons 3 friendly demons
  1744 | D:2      | Killed an ogre
  1744 | D:2      | Reached skill level 5 in Unarmed Combat
  1744 | D:2      | Reached XP level 4. HP: 12/38 MP: 4/4
  1857 | D:2      | XOM: mild Tloc miscast
  1941 | D:2      | XOM: give mutation
  1941 | D:2      | Gained mutation: You are weak. (Str -2) [Xom's mischief]
  2065 | D:2      | XOM: noise
  2132 | D:2      | Found a sacrificial altar of Ru.
  2224 | D:3      | XOM: god gift: tubular onyx ring {god gift}
  2235 | D:3      | Reached XP level 5. HP: 45/45 MP: 5/5
  2297 | D:3      | XOM: mild Summ miscast
  2389 | D:3      | Noticed Ijyb
  2391 | D:3      | Noticed Terence
  2402 | D:3      | Killed Ijyb
  2402 | D:3      | Reached skill level 6 in Unarmed Combat
  2415 | D:3      | Killed Terence
  2536 | D:3      | XOM: enchant monster (good)
  2537 | D:3      | Noticed a swamp drake
  2537 | D:3      | a worker ant changed into a swamp drake
  2547 | D:3      | XOM: divine lightning
  2569 | D:3      | Killed a swamp drake
  2571 | D:3      | Succumbed to a kobold's poison

Action                   |  1- 3 |  4- 6 || total
-------------------------+-------+-------++-------
Melee: Unarmed           |   133 |    41 ||   174
       Spear             |    12 |       ||    12
Throw: Stone             |     2 |       ||     2
Evoke: Wand              |       |     1 ||     1
  Use: Scroll            |     2 |     5 ||     7
       Potion            |       |     5 ||     5
  Eat: Chunk             |     2 |     2 ||     4
